 Dungeon Crawl Stone Soup version 0.27-a0-660-g90476cec82 (webtiles) character file.

Game seed: 9918955698971619340

45 HoaS the Ruffian (level 3, -2/29 HPs)
             Began as a Demigod Gladiator on Mar 16, 2021.
             Slain by Sigmund
             ... wielding a +3 scythe of pain
              (10 damage)
             ... on level 3 of the Dungeon.
             The game lasted 00:02:38 (2779 turns).

HoaS the Ruffian (Demigod Gladiator)                Turns: 2779, Time: 00:02:38

Health: -2/29      AC:  7    Str: 19    XL:     3   Next: 25%
Magic:  5/5        EV: 11    Int: 10    God:
Gold:   76         SH:  0    Dex: 15    Spells: 2/2 levels left

rFire    . . .     SeeInvis .     - Unarmed
rCold    . . .     Faith    .   (no shield)
rNeg     . . .     Spirit   .   i - +0 ring mail
rPois    .         Reflect  .   b - +1 helmet
rElec    .         Harm     .   (no cloak)
rCorr    .         Rampage  .   (no gloves)
Will     .....                  (no boots)
Stlth    +.........             (no amulet)
HPRegen  0.09/turn              (no ring)
MPRegen  0.09/turn              (no ring)

@: no status effects
A: high mp 1, forlorn
a: no special abilities


You were on level 3 of the Dungeon.
You visited 1 branch of the dungeon, and saw 3 of its levels.

You collected 76 gold pieces.

Inventory:

Missiles
 c - a throwing net (quivered)
 e - 5 poisoned darts
Armour
 b - a +1 helmet (worn)
 i - a +0 ring mail (worn)
Scrolls
 g - a scroll of blinking
Potions
 d - a potion of curing {unknown}
 f - a potion of mutation {unknown}
 j - a potion of cancellation {unknown}


   Skills:
 - Level 1.7 Fighting
 - Level 1.7 Throwing
 - Level 2.6 Dodging
 + Level 4.1 Unarmed Combat


You had 2 spell levels left.
You didn't know any spells.
Your spell library was empty.

Dungeon Overview and Level Annotations

Branches:
Dungeon (3/15)

Annotations:
D:3 Sigmund


Innate Abilities, Weirdness & Mutations

Your attributes grow dramatically as you level up.
You have an increased reservoir of magic. (+10% MP)
You shall have no god before yourself.


Message History

Sigmund closely misses you.
You throw a poisoned dart. The poisoned dart hits Sigmund.
Sigmund is poisoned.
Sigmund casts a spell at you. The magic dart hits you!
You throw a throwing net. The throwing net hits Sigmund.
Sigmund is caught in the net!
Sigmund says, "Don't worry, I'll kill you fast."
Sigmund struggles against the net.
Sigmund struggles against the net.
You hit Sigmund.
Sigmund is lightly wounded.
Sigmund struggles against the net.
You hit Sigmund.
Sigmund is lightly wounded.
Sigmund struggles against the net.
You hit Sigmund.
Sigmund is moderately wounded.
Sigmund struggles against the net.
The net rips apart, and Sigmund comes free!
You hit Sigmund.
Sigmund is heavily wounded.
You throw a throwing net. The throwing net barely misses Sigmund.
Sigmund hits you with a +3 scythe of pain.
You completely miss Sigmund.
Sigmund is heavily wounded.
Sigmund hits you with a +3 scythe of pain.
You closely miss Sigmund.
Sigmund is heavily wounded.
Sigmund looks more healthy.
Sigmund says, "Look into my eyes."
Sigmund gestures at you while chanting. The puff of flame hits you.
You closely miss Sigmund.
Sigmund is heavily wounded.
Sigmund hits you with a +3 scythe of pain.
You writhe in agony.
You closely miss Sigmund.
Sigmund is heavily wounded.
Sigmund hits you with a +3 scythe of pain!
You die...

#### # ...#..#
#.#####......#
#....<@@...(#
..............(#
################


You could see Sigmund.

Vanquished Creatures
  2 adders (D:2)
  A dart slug (D:1)
  A giant cockroach (D:1)
  5 goblins
  4 hobgoblins
  4 kobolds (D:1)
  5 bats (D:1)
  2 frilled lizards (D:1)
  A rat (D:1)
25 creatures vanquished.

Notes
Turn   | Place    | Note
-------+----------+-------------------------------------------
     0 | D:1      | HoaS the Demigod Gladiator began the quest for the Orb.
     0 | D:1      | Reached XP level 1. HP: 17/17 MP: 3/3
    37 | D:1      | Reached skill level 3 in Unarmed Combat
   304 | D:1      | Reached XP level 2. HP: 24/24 MP: 4/4
   913 | D:2      | Reached XP level 3. HP: 12/29 MP: 5/5
   917 | D:2      | Reached skill level 4 in Unarmed Combat
  1552 | D:3      | Noticed Sigmund
  2779 | D:3      | Slain by Sigmund

Illustrated notes

Levels and vault maps discovered:
D:1:      ncdulo_lavacross, layout_rooms
D:2:      layout_rooms
D:3:      minmay_chambers_of_threes, layout_basic,
          nicolae_overflow_hidden_temple, uniq_natasha, uniq_sigmund

Skill      XL: |  1  2  3 |
---------------+----------+-----
Unarmed Combat | 3 4 |  4.1
Fighting       | |  1.7
Throwing       | |  1.7
Dodging        | |  2.6

Action                   || total
-------------------------++-------
Melee: Unarmed           ||   100
Throw: Dart              ||     5
       Throwing net      ||     2
  Use: Scroll            ||     6
Armor: Leather armour    ||    17
       Ring mail         ||    12
Dodge: Dodged            ||    57

Table legend: (Time is in decaauts)
 A = Elapsed time spent in this place.
 B = Non-inter-level travel time spent in this place.
 C = Inter-level travel time spent in this place.
 D = Time resting spent in this place.
 E = Time spent auto-exploring this place.
 F = Levels seen in this place.
 G = Mean time per level.
                   A        B        C        D        E       F      G
               +--------+--------+--------+--------+--------+-----+--------+
         Total |   2774 |   2709 |     65 |   1673 |    794 |   3 |  924.7 |
       Dungeon |   2774 |   2709 |     65 |   1673 |    794 |   3 |  924.7 |
               +--------+--------+--------+--------+--------+-----+--------+

Top non-repeatable levels by time:
     D:2: 1989 daAuts
     D:1: 762 daAuts
     D:3: 22 daAuts
